 Dungeon Crawl Stone Soup version 0.20.1-1-g8b1a95d (webtiles) character file.

72 vatarom the Distorting Demonspawn (level 4, 0/35 HPs)
             Began as a Demonspawn Abyssal Knight on Sept 14, 2017.
             Was a Believer of Lugonu.
             Succumbed to an adder's poison
             ... on level 2 of the Dungeon.
             The game lasted 00:03:28 (1596 turns).

vatarom the Distorting Demonspawn (DsAK)            Turns: 1596, Time: 00:03:29

Health: 0/35       AC:  8    Str: 13    XL:     4   Next: 7%
Magic:  6/6        EV: 10    Int: 13    God:    Lugonu [**....]
Gold:   53         SH:  0    Dex: 13    Spells: 3/3 levels left

rFire    . . .     SeeInvis .   a - +2 falchion
rCold    + . .     Gourm    .   (no shield)
rNeg     + . .     Faith    .   f - +1 ring mail {rN+}
rPois    .         Spirit   .   (no helmet)
rElec    .         Reflect  .   (no cloak)
rCorr    .         Harm     .   (no gloves)
MR       .....                  (no boots)
Stlth    ..........             (no amulet)
Regen    0.2/turn               i - ring of loudness (curse)
MPRegen  0.1/turn               (no ring)

@: lethally poisoned (0 -> -2), very slightly contaminated, invisible
A: icy blue scales 1, cold resistance 1, demonic guardian 1
a: Depart the Abyss, Bend Space, Renounce Religion


You were on level 2 of the Dungeon.
You worshipped Lugonu.
Lugonu was pleased with you.
You were not hungry.

You visited 1 branch of the dungeon, and saw 2 of its levels.
You visited the Abyss 1 time.

You collected 53 gold pieces.

Inventory:

Hand Weapons
 a - a +2 falchion (weapon)
Armour
 b - a +0 leather armour
 f - a +1 ring mail of positive energy (worn)
Jewellery
 i - a cursed ring of loudness (left hand)
Potions
 e - a potion of invisibility
Comestibles
 c - a bread ration
 d - 3 chunks of flesh
 g - 2 royal jellies
 h - 3 meat rations


   Skills:
 + Level 3.4 Fighting
 * Level 2.7 Long Blades
 + Level 2.2 Armour
 - Level 0.8 Dodging
 + Level 3.6 Invocations


You had 3 spell levels left.
You didn't know any spells.

Dungeon Overview and Level Annotations

Branches:
Dungeon (2/15)

Altars:


Innate Abilities, Weirdness & Mutations

You are partially covered in icy blue scales. (AC +2)
Your flesh is cold resistant. (rC+)
A weak demonic guardian rushes to your aid.


Message History

The adder barely misses you.
You riposte.
You hit the adder.
You kill the adder!
Lugonu accepts your kill.
You have reached level 4!
You feel stronger.
Your demonic ancestry asserts itself...
Icy blue scales grow over part of your body.
* * * LOW HITPOINT WARNING * * *
You feel sick.
Found a potion of flight.
* * * LOW HITPOINT WARNING * * *
You feel sick.
* * * LOW HITPOINT WARNING * * *
You feel sick.
* * * LOW HITPOINT WARNING * * *
You feel sick.
You see here a potion of flight.
There are no items here.
* * * LOW HITPOINT WARNING * * *
You feel sick.
You die...

.# #........# .#
#........# .#
#........# .#
#........# .#
#........# .#
#....[...# .#
#.......$#
#........########.
#...!.....@.......
#........#######..
##########


There were no monsters in sight!

Vanquished Creatures
  2 adders (D:2)
  An ooze (D:1)
  3 dart slugs
  A leopard gecko (D:1)
  4 bats
  4 goblins
  6 hobgoblins
  4 jackals (D:1)
  9 kobolds
  3 frilled lizards (D:1)
  3 rats
40 creatures vanquished.

Notes
Turn   | Place    | Note
-------+----------+-------------------------------------------
     0 | Abyss:1  | vatarom the Demonspawn Abyssal Knight began the quest for the Orb.
     0 | Abyss:1  | Reached XP level 1. HP: 18/18 MP: 2/2
     4 | D:1      | Escaped the Abyss
   278 | D:1      | Gained mutation: A weak demonic guardian rushes to your aid. [demonic ancestry]
   278 | D:1      | Reached XP level 2. HP: 15/24 MP: 4/4
   567 | D:1      | Reached ** piety under Lugonu
   890 | D:1      | Gained mutation: Your flesh is cold resistant. (rC+) [demonic ancestry]
   890 | D:1      | Reached XP level 3. HP: 26/29 MP: 5/5
  1580 | D:2      | Gained mutation: You are partially covered in icy blue scales. (AC +2) [demonic ancestry]
  1580 | D:2      | Reached XP level 4. HP: 5/35 MP: 4/6
  1592 | D:2      | HP: 1/35 [poisoned by an adder]
  1596 | D:2      | Succumbed to an adder's poison

Skill      XL: |  1  2 |
---------------+-------+-----
Invocations    | 3 |  3.6
Long Blades    | 2 |  2.7
Armour         | 2 |  2.2
Fighting       | |  3.4
Dodging        | |  0.8

Action                   |  1- 3 |  4- 6 || total
-------------------------+-------+-------++-------
Melee: Falchion          |   110 |       ||   110
Invok: Bend Space        |     1 |       ||     1
  Use: Scroll            |     5 |       ||     5
       Potion            |     2 |       ||     2
 Stab: Invisible         |     1 |       ||     1
  Eat: Chunk             |     2 |       ||     2
Armor: Ring mail         |    69 |       ||    69
Dodge: Dodged            |    97 |       ||    97
       Rpst.: Falchion   |    34 |       ||    34
